 Dungeon Crawl Stone Soup version 0.29.1-2-gbd0b4ee654 (webtiles) character file.

Game seed: 3620701619396651717

74 xian the Shooter (level 4, -1/32 HPs)
             Began as a Demonspawn Arcane Marksman on Nov 8, 2022.
             Slain by a worm (9 damage)
             ... on level 2 of the Dungeon.
             The game lasted 00:02:28 (1632 turns).

xian the Shooter (Demonspawn Arcane Marksman)       Turns: 1632, Time: 00:02:28

Health: -1/32      AC:  2    Str: 13    XL:     4   Next: 9%
Magic:  5/5        EV: 12    Int: 16    God:
Gold:   105        SH:  0    Dex: 13    Spells: 4/5 levels left

rFire   . . .      SeeInvis .   a - +1 sling
rCold   . . .      Faith    .   (no shield)
rNeg    + . .      Spirit   .   c - +0 robe
rPois   .          Reflect  .   (no helmet)
rElec   .          Harm     .   (no cloak)
rCorr   .          Rampage  .   (no gloves)
Will    .....                   (no boots)
Stlth   +.........              (no amulet)
HPRegen 0.10/turn               g - ring of positive energy
MPRegen 0.09/turn               (no ring)

@: no status effects
A: hooves 1, big brain 1
a: no special abilities


You were on level 2 of the Dungeon.
You visited 1 branch of the dungeon, and saw 2 of its levels.

You collected 105 gold pieces.

Inventory:

Hand Weapons
 a - a +1 sling (weapon)
Armour
 c - a +0 robe (worn)
Jewellery
 g - a ring of positive energy (left hand)
Scrolls
 b - 3 scrolls of poison
 e - a scroll of identify {unknown}
 i - a scroll of teleportation {unknown}
 j - a scroll of butterflies {unknown}
Potions
 d - a potion of degeneration {unknown}
 f - a potion of heal wounds {unknown}
 h - a potion of lignification {unknown}


   Skills:
 + Level 1.3 Fighting
 + Level 3.5 Ranged Weapons
 + Level 1.9 Dodging
 + Level 1.1 Spellcasting
 + Level 3.3 Hexes


You had 4 spell levels left.
You knew the following spells:

 Your Spells              Type           Power      Damage    Failure   Level
a - Slow                  Hex            44%        N/A       6%          1

Your spell library contained the following spells:

 Spells                   Type           Power      Damage    Failure   Level
 Inner Flame              Hex/Fire       6%         N/A       34%         3
 Portal Projectile        Hex/Tloc       12%        N/A       34%         3
 Cause Fear               Hex            5%         N/A       50%         4


Dungeon Overview and Level Annotations

Branches:
Dungeon (2/15)

Altars:


Innate Abilities, Weirdness & Mutations

You have large cloven feet.
You have an unusually large brain. (Int +2)


Message History

The jackal bites you.
You shoot a sling bullet. The sling bullet hits the jackal!
You kill the jackal!
A jackal comes into view.
You shoot a sling bullet.
The sling bullet barely misses the worm.
You hear an angry hiss.
The jackal misses you. The worm bites you! The jackal bites you.
You are too injured to fight recklessly!
You are too injured to fight recklessly!
You are too injured to fight recklessly!
You are too injured to fight recklessly!
You are too injured to fight recklessly!
You are too injured to fight recklessly!
Unknown command.
Fire: a) +1 sling
Press: ? - help, Q - select action, (/) - cycle Shift-Dir - straight line, f/p - worm
Aim: a worm (severely wounded, 76% to hit)
You shoot a sling bullet.
The sling bullet barely misses the worm.
The jackal barely misses you.
The jackal bites you but does no damage.
The worm misses you. The jackal closely misses you.
Fire: a) +1 sling
Press: ? - help, Q - select action, (/) - cycle Shift-Dir - straight line, f/p - worm
Aim: a worm (severely wounded, 76% to hit)
You shoot a sling bullet.
The sling bullet barely misses the worm.
The jackal completely misses you.
A frilled lizard comes into view.
The jackal barely misses you. The jackal bites you.
Fire: a) +1 sling
Press: ? - help, Q - select action, (/) - cycle Shift-Dir - straight line, f/p - worm
Aim: a worm (severely wounded, 76% to hit)
You shoot a sling bullet. The sling bullet hits the worm.
The worm is almost dead.
The jackal bites you.
* * * LOW HITPOINT WARNING * * *
The jackal closely misses you. The worm bites you!
You die...

### ###.# ..... .....#
#.#.# #<...# #.#.# #
#.##.# #.#.#####....
#..(.# #..)h@w......
#.##.# #..###h##.##.
#.##.# #..# l..
#.##.#######..###.#...
#.##..............#.###
..###.......#...### #
...##....##.....###
.#........#.>.......
...##....>...........


You could see a worm, 2 jackals and a frilled lizard.

Vanquished Creatures
  2 adders (D:2)
  A dart slug (D:1)
  7 ball pythons
  3 endoplasms (D:1)
  A giant cockroach (D:1)
  7 goblins
  7 hobgoblins
  4 jackals
  6 kobolds (D:1)
  A quokka (D:1)
  4 bats (D:1)
  A frilled lizard (D:1)
  2 rats (D:1)
46 creatures vanquished.

Notes
Turn   | Place    | Note
-------+----------+-------------------------------------------
     0 | D:1      | xian the Demonspawn Arcane Marksman began the quest for the
                  | Orb.
     0 | D:1      | Reached XP level 1. HP: 15/15 MP: 2/2
    48 | D:1      | Gained mutation: You have an unusually large brain. (Int
                  | +2) [demonic ancestry]
    48 | D:1      | Reached XP level 2. HP: 19/21 MP: 3/3
   297 | D:1      | Gained mutation: You have large cloven feet. [demonic
                  | ancestry]
   297 | D:1      | Reached XP level 3. HP: 26/26 MP: 4/4
  1066 | D:1      | Found a faded altar of an unknown god.
  1532 | D:2      | Reached XP level 4. HP: 31/32 MP: 5/5
  1632 | D:2      | Slain by a worm

Illustrated notes

Levels and vault maps discovered:
D:1:      lemuel_arrival_cross, layout_rooms,
          shapermc_ecumenical_altar_hornbeckon,
          nicolae_concentric_dashed_squares_mild, minmay_cupped
D:2:      layout_loops_ring, hangedman_decor_diamond_cutter

Skill      XL: |  1  2  3 |
---------------+----------+-----
Ranged Weapons | 2 3 |  3.5
Fighting       | |  1.3
Dodging        | |  1.9
Spellcasting   | |  1.1
Hexes          | |  3.3

Action                   |  1- 3 |  4- 6 || total
-------------------------+-------+-------++-------
 Fire: Sling             |   166 |    20 ||   186
 Cast: Slow              |     1 |     2 ||     3
Armor: Robe              |    19 |     2 ||    21
Dodge: Dodged            |    86 |    11 ||    97
